 Dungeon Crawl Stone Soup version 0.31-a0-843-g427724c (webtiles) character file.

Game seed: 5838113397411567906

354369 BarneyGumball the Ruinous (level 21, -16/122 HPs)
             Began as a Deep Elf Conjurer on Sept 26, 2023.
             Was the Champion of Vehumet.
             Shot with a bolt by a yaktaur captain (20 damage)
             ... on level 4 of the Vaults on Sept 27, 2023.
             The game lasted 04:24:58 (44938 turns).

BarneyGumball the Ruinous (Deep Elf Conjurer)      Turns: 44938, Time: 04:24:59

Health: -16/122    AC: 14    Str:  8    XL:     21   Next: 35%
Magic:  20/39      EV: 16    Int: 34    God:    Vehumet [******]
Gold:   1580       SH: 12    Dex: 13    Spells: 2/44 levels left

rFire   + . .        I - staff of conjuration
rCold   + . .        Z - +0 kite shield {reflect}
rNeg    . . .        T - +2 robe {Will+}
rPois   .            Q - +2 helmet
rElec   .            V - +0 cloak
rCorr   .            E - +2 pair of gloves
SInv    +            A - +2 pair of boots
Will    +++..        l - amulet of magic regeneration
Stlth   ++           W - ring of Vanity {Fly rF+ Int+3 SInv}
HPRegen 0.40/turn    s - ring of protection from cold
MPRegen 0.66/turn

%: reflection
@: marked, flying, invisible
A: no striking features
}: 2/15 runes: decaying, serpentine
a: Renounce Religion


You were on level 4 of the Vaults.
You worshipped Vehumet.
Vehumet was exalted by your worship.
You visited 7 branches of the dungeon, and saw 35 of its levels.
You also visited: Bailey and Wizlab.

You collected 4358 gold pieces.
You spent 2778 gold pieces at shops.

Inventory:

Hand Weapons
 b - the +3 falchion of Sulphur {heavy, rF++ Stlth+}
   (You found it on level 2 of the Lair of Beasts)

   rF++:      It greatly protects you from fire.
   Stlth+:    It makes you more stealthy.
Armour
 A - a +2 pair of boots (worn)
 E - a +2 pair of gloves (worn)
 Q - a +2 helmet (worn)
 T - a +2 robe of willpower (worn)
 V - a +0 cloak (worn)
 Z - a +0 kite shield of reflection (worn)
Magical Staves
 a - a staff of poison
 I - a staff of conjuration (weapon)
Jewellery
 e - a ring of protection from fire
 l - an amulet of magic regeneration (around neck)
 s - a ring of protection from cold (right hand)
 x - a ring of resist corrosion
 y - a ring of willpower
 F - a ring of see invisible
 W - the ring of Vanity (left hand) {Fly rF+ Int+3 SInv}
   (You took it off an ironbound convoker on level 3 of the Vaults)

   [ring of flight]

   Int+3:     It affects your intelligence (+3).
   rF+:       It protects you from fire.
   SInv:      It lets you see invisible.
   Fly:       It grants you flight.
Wands
 o - a wand of mindburst (9)
 z - a wand of iceblast (33)
 B - a wand of flame (106)
 J - a wand of quicksilver (30)
 S - a wand of charming (19)
Scrolls
 c - 7 scrolls of enchant weapon
 d - 2 scrolls of brand weapon
 f - 7 scrolls of immolation
 h - 5 scrolls of teleportation
 i - 2 scrolls of vulnerability
 n - 7 scrolls of revelation
 p - 2 scrolls of silence
 t - 4 scrolls of fear (quivered)
 u - 3 scrolls of enchant armour
 D - 3 scrolls of poison
 L - 5 scrolls of fog
 N - 2 scrolls of amnesia
 P - a scroll of summoning
Potions
 j - 4 potions of lignification
 k - 13 potions of curing
 q - 2 potions of might
 r - 4 potions of mutation
 v - 9 potions of ambrosia
 w - a potion of haste
 C - 2 potions of berserk rage
 M - 2 potions of brilliance
 O - a potion of magic
 R - 2 potions of resistance
 U - 2 potions of cancellation
 X - a potion of invisibility
 Y - 3 potions of enlightenment
Miscellaneous
 g - a condenser vane
 G - a lightning rod (4/4)
 H - a box of beasts


   Skills:
 - Level 10.0 Fighting
 - Level 4.0 Throwing
 - Level 13.0 Dodging
 - Level 2.4 Stealth
 - Level 12.0 Shields
 - Level 12.0 Spellcasting
 - Level 22.0 Conjurations
 - Level 5.0 Translocations
 - Level 14.8 Ice Magic
 + Level 17.7 Air Magic
 - Level 10.0 Evocations


You had 2 spell levels left.
You knew the following spells:

 Your Spells              Type           Power      Damage    Failure   Level
a - Magic Dart            Conj           100%       1d8       0%          1
b - Orb of Destruction    Conj           65%        9d15      1%          7
c - Iskenderun's Mystic   Conj/Tloc      100%       2d19      1%          4
d - Fulminant Prism       Conj/Hex       48%        3d21      1%          4
e - Freezing Cloud        Conj/Ice/Air   60%        6-21      1%          5
f - Ozocubu's Refrigerat  Ice            44%        4d17      3%          7
g - Irradiate             Conj/Tmut      48%        3d27      1%          5
h - Chain Lightning       Conj/Air       62%        3d83      41%         9

Your spell library contained the following spells:

 Spells                   Type           Power      Damage    Failure   Level
 Ignition                 Fire           10%        3d5       100%        8
 Shatter                  Erth           10%        3d11*     100%        9
 Searing Ray              Conj           100%       2d8       0%          2
 Ensorcelled Hibernation  Hex/Ice        100%       N/A       1%          2
 Necrotise                Necr           80%        1d8       6%          1
 Jinxbite                 Hex            40%        N/A       10%         2
 Sublimation of Blood     Necr           20%        N/A       10%         2
 Dazzling Flash           Conj/Hex       100%       N/A       1%          3
 Frozen Ramparts          Ice            100%       1d16      1%          3
 Ozocubu's Armour         Ice            88%        N/A       1%          3
 Vhi's Electric Charge    Tloc/Air       100%       N/A       1%          4
 Arcjolt                  Conj/Air       62%        1d72      1%          5
 Gell's Gravitas          Tloc           53%        N/A       2%          3
 Teleport Other           Tloc           53%        N/A       2%          3
 Summon Ice Beast         Ice/Summ       63%        N/A       3%          4
 Inner Flame              Hex/Fire       20%        N/A       5%          3
 Plasma Beam              Fire/Air       34%        2x1d47    7%          6
 Metabolic Englaciation   Hex/Ice        31%        N/A       9%          5
 Spellforged Servitor     Conj/Summ      48%        N/A       16%         7
 Summon Guardian Golem    Hex/Summ       20%        N/A       19%         3
 Vampiric Draining        Necr           20%        2d7       19%         3
 Yara's Violent Unravell  Hex/Tmut       10%        3d6       41%         5
 Anguish                  Hex/Necr       10%        N/A       54%         4
 Animate Dead             Necr           20%        N/A       54%         4
 Petrify                  Tmut/Erth      20%        N/A       54%         4
 Dispersal                Tloc           26%        N/A       77%         6
 Agony                    Necr           20%        N/A       87%         5
 Borgnjor's Vile Clutch   Necr/Erth      10%        N/A       87%         5
 Summon Mana Viper        Hex/Summ       20%        N/A       87%         5
 Death Channel            Necr           10%        N/A       100%        6
 Enfeeble                 Hex            10%        N/A       100%        7
 Monstrous Menagerie      Summ           10%        N/A       100%        7


Dungeon Overview and Level Annotations

Branches:
Dungeon (15/15)            Temple (1/1) D:7            Lair (5/5) D:9
  Swamp (4/4) Lair:3        Snake (4/4) Lair:3        Slime (0/5) Lair:4
    Orc (2/2) D:10            Elf (0/3) Orc:2        Vaults (4/5) D:13
  Crypt (0/3) Vaults:2     Depths (0/4) D:15         Bailey (visited)
 WizLab (visited)

Altars:
Ashenzari
Cheibriados
Dithmenos
Elyvilon
Fedhas
Gozag
Hepliaklqana
Kikubaaqudgha
Makhleb
Nemelex Xobeh
Okawaru
Qazlal
Ru
Sif Muna
Trog
Uskayaw
Vehumet
Wu Jian
Xom
Yredelemnul
Zin
The Shining One
Jiyva

Shops:
D:5 (   D:14 !   Orc:2 *[:(   Snake:1 =:   Snake:2 =::   Vaults:3 =
Vaults:4 *

Annotations:
D:3 Grinder, Sigmund
D:4 Pikel
D:8 2 transporters, exclusion: oklob plant, gorushi's ghost, novice GrEE
D:9 exclusion: boulder beetle
D:10 4 runed translucent doors, exclusion: 4 doors, gorushi's ghost, journeyman GrEE
D:12 Erolcha; Rupert
D:13 exclusion: obsidian statue
Snake:3 6 transporters
Orc:2 3 runed translucent doors, exclusion: 3 doors, Salanewt's ghost, journeyman BaIE
Vaults:3 Mennas


Message History

Unknown command.
Okay, then.
Unknown command.
Okay, then.
Unknown command.
Press: ? - help, v - describe, . - travel
Here: an ironbound convoker, wielding a +0 flail and wearing a +0 scale mail A broken door, summoned.
Unknown command.
Okay, then.
Okay, then.
As you read the scroll of fear, it crumbles to dust.
You assume a fearsome visage.
The ironbound convoker looks frightened!
The yaktaur captain looks frightened!
The yaktaur looks frightened!
The ironbound thunderhulk looks frightened!
The vault warden looks frightened!
The vault sentinel looks frightened!
The orb of destruction hits the vault warden!!!!
You blow up the vault warden!
Vehumet accepts your kill.
You feel your power returning.
The runic seal fades away.
Strange energies crackle from the ironbound thunderhulk's apparatus.
The ironbound thunderhulk blinks!
An ironbound preserver comes into view. It is wielding a +1 mace of holy wrath.
Strange energies crackle from the ironbound thunderhulk's apparatus.
The ironbound thunderhulk blinks!
Cornered, the yaktaur captain turns to fight!
The ironbound preserver moves out of view.
As you open the door, it creaks loudly!
Strange energies crackle from the ironbound thunderhulk's apparatus.
The ironbound thunderhulk blinks!
You fade into invisibility!
The yaktaur captain shoots a bolt.
The bolt hits you!
* * * LOW HITPOINT WARNING * * *
Okay, then.
Okay, then.
As you read the scroll of fog, it dissolves into smoke.
A deep troll comes into view.
The yaktaur captain shoots a bolt.
The bolt hits you!!
You die...

######### '.......#
#.......####### ..
#.......#.....# ....
#.......#..<..# )c.
#.......##...##########T#
#.......###.## #......cp#
######'####+####§§..†...# #
#..........§@§......# ##+# #
#..........#§§......# ##... #
#..........#.§......# +.... #
#..........#....)...# #..). #
#.....^....#).......#####.###
# #..........#..O..p..#...'.#
# ###'########....^...pp..#.+
# ... #......?.####### #
#+########


You could see 2 ironbound preservers, an ironbound thunderhulk (unable to see
you), a yaktaur captain (unable to see you) and a deep troll.

Vanquished Creatures
  Bai Suzhen (Swamp:3)
  Saint Roka (Orc:2)
  A bone dragon (Vaults:2)
  Jorgrun (Orc:2)
  3 sphinxes (Vaults:4)
  Frances (Swamp:2)
  A thorn hunter (Swamp:3)
  5 nagarajas
  A storm dragon (Vaults:1)
  A shadow dragon (Vaults:2)
  11 vault wardens
  2 fire giants
  Louise (Snake:3)
  An orc warlord (Orc:2)
  3 war gargoyles
  14 ironbound preservers
  5 ironbound thunderhulks
  A formless jellyfish (Vaults:2)
  5 very ugly things
  6 eleionomae
  Nessos (Orc:2)
  4 bunyips
  9 dire elephants
  2 shambling mangroves
  A fire dragon (Lair:5)
  2 great orbs of eyes
  17 hydras
  4 salamander tyrants
  2 entropy weavers (Vaults:3)
  6 yaktaur captains
  A deep elf high priest (Vaults:3)
  11 vault guards
  3 ghost crabs
  2 spriggan air magi (Swamp:3)
  3 peacekeepers
  16 anacondas
  6 ironbound frosthearts
  7 boulder beetles
  22 centaur warriors
  17 alligators
  5 tengu warriors
  2 two-headed ogres
  19 naga warriors
  3 orc high priests (Orc:2)
  2 titan zombies (Vaults:3)
  20 naga sharpshooters
  5 shock serpents
  A fire crab (Lair:4)
  A skyshark (Lair:5)
  A shadow wraith (Vaults:3)
  5 goliath frogs
  4 salamander mystics
  A glowing orange brain (Vaults:3)
  44 deep trolls
  10 swamp dragons
  12 bog bodies
  10 naga ritualists
  2 necromancers
  12 ironbound convokers
  8 lindwurms
  A harpy (Vaults:1)
  2 phantasmal warriors
  3 orc knights (Orc:2)
  9 wizards
  A wolf spider (Lair:5)
  13 mana vipers
  4 orc sorcerers (Orc:2)
  A manticore (D:13)
  4 cyclopes
  33 ugly things
  4 will-o-the-wisps
  15 salamanders
  13 vault sentinels
  9 guardian serpents
  15 elephants
  44 black mambas
  36 naga magi
  15 cane toads
  A gargoyle (D:14)
  Maggie (D:8)
  3 rime drakes (Lair:5)
  A yaktaur (shapeshifter) (D:13)
  A torpor snail (Lair:3)
  29 yaktaurs
  An efreet (D:13)
  A freezing wraith (D:15)
  11 komodo dragons
  A queen bee (Orc:1)
  A bloated husk (Swamp:1)
  A polar bear (Lair:4)
  9 trolls
  10 tyrant leeches
  A stone giant simulacrum (Vaults:3)
  17 hornets
  20 blink frogs
  7 dream sheep (Lair:5)
  17 slime creatures
  A centaur simulacrum (D:14)
  A shadow (D:10)
  A water elemental (D:11)
  7 spriggans
  A jumping spider (Vaults:3)
  3 steam dragons
  47 yaks
  Grum (D:9)
  2 wraiths
  2 basilisks
  17 wyverns
  10 vampire mosquitoes
  5 redbacks
  18 swamp worms
  2 acid dragons
  72 nagas
  18 water moccasins
  2 meliai simulacra
  13 swamp drakes
  34 orc warriors
  2 ice beasts
  A sky beast (D:7)
  4 boggarts (D:14)
  4 ogres
  7 centaurs
  33 wolves
  2 lemures (D:4)
  2 phantoms (D:5)
  12 kobold brigands
  13 bullfrogs
  5 scorpions
  2 gnoll sergeants (D:10)
  A scorpion (shapeshifter) (D:15)
  6 wights
  24 killer bees (Orc:1)
  5 howler monkeys
  7 electric eels
  A crimson imp (D:13)
  A quasit (D:13)
  25 orc priests
  A gnoll bouda (D:10)
  4 hounds (D:9)
  2 jellies (D:4)
  2 iron imps (D:13)
  2 sleepcaps
  9 iguanas
  26 orc wizards
  7 hell rats (Lair:4)
  14 gnolls
  6 adders
  A shadow imp (D:5)
  3 white imps
  An ufetubus (D:5)
  2 worms (D:2)
  5 dart slugs
  62 orcs
  6 ball pythons
  8 bats
  3 endoplasms
  4 giant cockroaches
  7 goblins
  6 hobgoblins
  5 quokkas
  A frilled lizard (D:2)
  26 kobolds
  A rat (D:2)
  2 fulminant prisms (D:15)
1353 creatures vanquished.

Vanquished Creatures (others)
  16 foxfires
  177 fulminant prisms
193 creatures vanquished.

Grand Total: 1546 creatures vanquished

Notes
Turn   | Place    | Note
-------+----------+-------------------------------------------
     0 | D:1      | BarneyGumball the Deep Elf Conjurer began the quest for the
                  | Orb.
     0 | D:1      | Reached XP level 1. HP: 10/10 MP: 6/6
   433 | D:1      | Reached skill level 1 in Translocations
   509 | D:1      | Reached XP level 2. HP: 14/15 MP: 5/8
   789 | D:1      | Found a faded altar of an unknown god.
  1108 | D:2      | Learned a level 2 spell: Searing Ray
  1293 | D:2      | Reached skill level 5 in Conjurations
  1293 | D:2      | Reached XP level 3. HP: 19/19 MP: 6/9
  2207 | D:3      | Noticed Grinder
  2267 | D:4      | Found a sacrificial altar of Ru.
  2331 | D:4      | Reached XP level 4. HP: 14/24 MP: 6/10
  2419 | D:4      | Noticed a lemure
  2419 | D:4      | Noticed a lemure
  2419 | D:4      | Noticed Pikel
  2448 | D:4      | Killed a lemure
  2477 | D:4      | Noticed a lemure
  2481 | D:4      | Noticed a lemure
  2553 | D:4      | Found a shadowy altar of Dithmenos.
  2678 | D:4      | Reached XP level 5. HP: 28/28 MP: 7/11
  2716 | D:4      | Killed a lemure
  2842 | D:3      | Reached skill level 6 in Conjurations
  2880 | D:3      | Noticed Sigmund
  2973 | D:4      | Found a hide-covered altar of Uskayaw.
  2978 | D:4      | Found a snail-covered altar of Cheibriados.
  2981 | D:4      | Found an iron altar of Okawaru.
  3218 | D:5      | Entered Level 5 of the Dungeon
  3698 | D:5      | Reached XP level 6. HP: 32/32 MP: 7/12
  3750 | D:5      | Found Kirairol's Antique Weapon Shoppe.
  3777 | D:5      | Reached skill level 7 in Conjurations
  3777 | D:5      | Reached skill level 5 in Translocations
  3783 | D:5      | Learned a level 4 spell: Iskenderun's Mystic Blast
  3903 | D:5      | Reached XP level 7. HP: 6/36 MP: 6/13
  4118 | D:5      | Reached skill level 8 in Conjurations
  4634 | D:6      | Reached skill level 9 in Conjurations
  4772 | D:6      | Reached XP level 8. HP: 27/42 MP: 7/14
  4926 | D:6      | Reached skill level 10 in Conjurations
  4997 | D:6      | Reached skill level 1 in Throwing
  4997 | D:6      | Reached skill level 1 in Evocations
  5157 | D:7      | Found a shimmering altar of Xom.
  5634 | D:7      | Found a staircase to the Ecumenical Temple.
  5697 | Temple   | Entered the Ecumenical Temple
  5710 | Temple   | Became a worshipper of Vehumet
  6016 | D:7      | Found a sparkling altar of Nemelex Xobeh.
  6200 | D:8      | Reached XP level 9. HP: 39/46 MP: 12/17
  6255 | D:8      | Found a flagged portal.
  6266 | D:8      | Reached skill level 5 in Spellcasting
  6293 | Bailey   | Entered a bailey
  6308 | Bailey   | Reached * piety under Vehumet
  6308 | Bailey   | Offered knowledge of Freeze by Vehumet.
  6506 | Bailey   | Reached skill level 11 in Conjurations
  6573 | Bailey   | Found a bloodstained altar of Trog.
  6645 | D:8      | Found a transporter.
  6646 | D:8      | Noticed a centaur warrior
  6649 | D:8      | Noticed gorushi's ghost (novice GrEE)
  6671 | D:8      | Reached skill level 1 in Fighting
  6671 | D:8      | Reached skill level 1 in Shields
  6717 | D:8      | Found a transporter.
  6755 | D:8      | Learned a level 4 spell: Fulminant Prism
  6808 | D:8      | Noticed an oklob plant
  7027 | D:8      | Noticed Maggie
  7076 | D:8      | Killed Maggie
  7122 | D:8      | Noticed a troll
  7131 | D:8      | Killed a troll
  7392 | D:8      | Reached skill level 5 in Dodging
  7394 | D:8      | Reached XP level 10. HP: 42/56 MP: 4/22
  7417 | D:8      | Offered knowledge of Shock by Vehumet.
  7417 | D:8      | Reached ** piety under Vehumet
  7805 | D:9      | Found a staircase to the Lair.
  8010 | D:9      | Noticed Grum
  8018 | D:9      | Killed Grum
  8352 | D:9      | Noticed a boulder beetle
  8607 | D:10     | Entered Level 10 of the Dungeon
  8619 | D:10     | Reached skill level 12 in Conjurations
  8785 | D:10     | Offered knowledge of Poisonous Vapours by Vehumet.
  9003 | D:10     | Reached *** piety under Vehumet
  9095 | D:10     | Reached skill level 13 in Conjurations
  9307 | D:10     | Found a runed translucent gate.
  9307 | D:10     | Found a runed translucent gate.
  9307 | D:10     | Found a runed translucent gate.
  9310 | D:10     | Noticed gorushi's ghost (journeyman GrEE)
  9379 | D:10     | Found a staircase to the Orcish Mines.
  9397 | D:10     | Offered knowledge of Sticky Flame by Vehumet.
  9513 | D:10     | Found a runed translucent door.
  9667 | D:10     | Noticed an orc knight
  9781 | Lair:1   | Entered Level 1 of the Lair of Beasts
  9807 | Lair:1   | Reached XP level 11. HP: 61/61 MP: 21/25
 10041 | Lair:1   | Reached skill level 14 in Conjurations
 10720 | Lair:2   | Reached **** piety under Vehumet
 10720 | Lair:2   | Noticed a six-headed hydra
 10722 | Lair:2   | Reached skill level 15 in Conjurations
 10729 | Lair:2   | Offered knowledge of Mephitic Cloud by Vehumet.
 10730 | Lair:2   | Killed a six-headed hydra
 10818 | Lair:2   | Identified the +3 falchion of Sulphur {heavy, rF++ Stlth+}
 10854 | Lair:2   | Reached skill level 5 in Fighting
 11185 | Lair:2   | Reached XP level 12. HP: 56/69 MP: 19/26
 11226 | Lair:2   | Reached ***** piety under Vehumet
 11586 | Lair:2   | Offered knowledge of Eringya's Noxious Bog by Vehumet.
 11934 | Lair:3   | Reached skill level 10 in Dodging
 12078 | Lair:3   | Reached skill level 5 in Evocations
 12585 | Lair:3   | Found a staircase to the Swamp.
 12993 | Lair:3   | Found a staircase to the Snake Pit.
 13011 | Lair:3   | Reached skill level 10 in Evocations
 13364 | Lair:4   | Reached skill level 1 in Air Magic
 13364 | Lair:4   | Reached XP level 13. HP: 56/76 MP: 10/27
 13486 | Lair:4   | Found a viscous altar of Jiyva.
 13487 | Lair:4   | Found a staircase to the Slime Pits.
 13637 | Lair:4   | Offered knowledge of Conjure Ball Lightning by Vehumet.
 14247 | Lair:5   | Entered Level 5 of the Lair of Beasts
 14582 | Lair:5   | Reached skill level 5 in Air Magic
 15083 | Lair:5   | Reached skill level 16 in Conjurations
 15197 | Lair:5   | Offered knowledge of Freezing Cloud by Vehumet.
 15204 | Lair:5   | Learned a level 5 spell: Freezing Cloud
 15404 | Lair:5   | Reached XP level 14. HP: 84/84 MP: 16/28
 16438 | D:11     | Reached skill level 1 in Ice Magic
 17119 | D:12     | Noticed Erolcha
 17250 | D:12     | Noticed Rupert
 17341 | D:13     | Found a gate to the Vaults.
 18132 | D:13     | Reached skill level 5 in Ice Magic
 18270 | D:14     | Found a broken altar of Ashenzari.
 18649 | D:14     | Found Dong's Distillery.
 18657 | D:14     | Bought a potion of cancellation for 128 gold pieces
 18657 | D:14     | Bought a potion of heal wounds for 80 gold pieces
 18657 | D:14     | Bought a potion of heal wounds for 80 gold pieces
 18657 | D:14     | Bought a potion of invisibility for 128 gold pieces
 18657 | D:14     | Bought a potion of enlightenment for 80 gold pieces
 18657 | D:14     | Bought a potion of magic for 128 gold pieces
 19247 | D:15     | Entered Level 15 of the Dungeon
 19261 | D:15     | Reached skill level 10 in Fighting
 19305 | D:15     | Offered knowledge of Plasma Beam by Vehumet.
 19950 | D:15     | Learned a level 7 spell: Ozocubu's Refrigeration
 20027 | D:15     | Reached XP level 15. HP: 92/92 MP: 21/29
 20067 | D:15     | Reached skill level 10 in Ice Magic
 20377 | D:15     | Found a staircase to the Depths.
 20575 | Orc:1    | Entered Level 1 of the Orcish Mines
 20674 | Orc:1    | Found a bloodstained altar of Trog.
 21263 | Orc:2    | Entered Level 2 of the Orcish Mines
 21268 | Orc:2    | Offered knowledge of Orb of Destruction by Vehumet.
 21281 | Orc:2    | Reached ****** piety under Vehumet
 21448 | Orc:2    | Noticed Saint Roka
 21685 | Orc:2    | Offered knowledge of Fireball by Vehumet.
 22272 | Orc:2    | Found a staircase to the Elven Halls.
 22388 | Orc:2    | Found a runed translucent gate.
 22388 | Orc:2    | Found a runed translucent gate.
 22388 | Orc:2    | Found a runed translucent gate.
 22388 | Orc:2    | Noticed Salanewt's ghost (journeyman BaIE)
 22397 | Orc:2    | Noticed Nessos
 22400 | Orc:2    | Killed Nessos
 22536 | Orc:2    | Noticed Jorgrun
 22886 | Orc:2    | Found Pycufyko's General Store.
 22887 | Orc:2    | Found Ycoal's Book Emporium.
 23325 | Snake:1  | Entered Level 1 of the Snake Pit
 23729 | Snake:1  | Found Ketez's Jewellery Boutique.
 23733 | Snake:1  | Found Giunun's Book Shop.
 23743 | Snake:1  | Bought a ring of protection from cold for 450 gold pieces
 23743 | Snake:1  | Bought a ring of see invisible for 270 gold pieces
 23760 | Snake:1  | Bought a book of Alchemy for 504 gold pieces
 23766 | Snake:1  | Learned a level 5 spell: Irradiate
 25076 | Snake:2  | Noticed a nagaraja
 25083 | Snake:2  | Killed a nagaraja
 25127 | Snake:2  | Offered knowledge of Bombard by Vehumet.
 25358 | Snake:2  | Identified the +1 robe "Geov" {Contam rF+ rC- Str+5}
 25390 | Snake:2  | Reached XP level 16. HP: 92/97 MP: 22/30
 26333 | Snake:2  | Found Gocweli's Jewellery Emporium.
 26333 | Snake:2  | Found Utysip's Book Boutique.
 26336 | Snake:2  | Found Evizedda's Book Boutique.
 26774 | Snake:3  | Reached skill level 10 in Spellcasting
 26870 | Snake:3  | HP: 4/87 [naga sharpshooter/bolt (11)]
 27493 | Snake:3  | Noticed Louise
 27495 | Snake:3  | Reached skill level 5 in Shields
 27500 | Snake:3  | Killed Louise
 27501 | Snake:3  | Reached skill level 10 in Air Magic
 27557 | Snake:3  | Found a transporter.
 27559 | Snake:3  | Found a transporter.
 27712 | Snake:3  | Found a transporter.
 27750 | Snake:3  | Found a transporter.
 27973 | Snake:3  | Found a transporter.
 27980 | Snake:3  | Found a transporter.
 27997 | Snake:3  | Identified the +1 scale mail "Joutros" {Str+3 Int+2 Dex+3}
 28123 | Snake:3  | Found a basalt altar of Yredelemnul.
 28163 | Snake:4  | Entered Level 4 of the Snake Pit
 28516 | Snake:4  | Identified the +7 chain mail "Fauracau" {Contam Harm rN+}
 28536 | Snake:4  | Offered knowledge of Shatter by Vehumet.
 28536 | Snake:4  | Offered knowledge of Chain Lightning by Vehumet.
 28536 | Snake:4  | Offered knowledge of Ignition by Vehumet.
 28572 | Snake:4  | Identified a scroll of acquirement
 28573 | Snake:4  | Acquired a staff of conjuration
 28944 | Snake:4  | Reached XP level 17. HP: 83/102 MP: 26/35
 30226 | Snake:4  | Reached skill level 17 in Conjurations
 30753 | Snake:4  | Got a serpentine rune of Zot
 31051 | Swamp:1  | Entered Level 1 of the Swamp
 31502 | Swamp:1  | Found a frozen archway.
 32132 | Swamp:2  | Noticed Frances
 32619 | Swamp:2  | Killed Frances
 33223 | Swamp:3  | Reached XP level 18. HP: 107/107 MP: 13/36
 33292 | Swamp:3  | Noticed Bai Suzhen
 33315 | Swamp:3  | Killed Bai Suzhen
 33316 | Swamp:3  | Reached skill level 18 in Conjurations
 34059 | Swamp:3  | Identified the +5 shortbow of Poverty {freeze, rF++ Will-
                  | MP-9 Int+2}
 34230 | Swamp:4  | Entered Level 4 of the Swamp
 34885 | Swamp:4  | Reached skill level 10 in Shields
 35324 | Swamp:4  | Got a decaying rune of Zot
 35908 | Lair:5   | Reached skill level 19 in Conjurations
 35908 | Lair:5   | Reached XP level 19. HP: 112/112 MP: 37/37
 36202 | D:13     | Learned a level 9 spell: Chain Lightning
 36203 | Vaults:1 | Entered Level 1 of the Vaults
 36625 | Vaults:1 | Found a magical portal.
 36639 | WizLab   | Entered The Chambers of the Cloud Mage
 37582 | Vaults:1 | Reached XP level 20. HP: 61/117 MP: 28/38
 38213 | Vaults:1 | Reached skill level 15 in Air Magic
 38341 | Vaults:1 | Identified the +0 chain mail "Aloal" {Fly rCorr Str+2}
 38662 | Vaults:2 | Reached skill level 20 in Conjurations
 38745 | Vaults:2 | Noticed a bone dragon
 39255 | Vaults:2 | Acquired 911 gold pieces
 39594 | Snake:2  | Bought a book of Dangerous Friends for 720 gold pieces
 39603 | Snake:2  | Learned a level 7 spell: Orb of Destruction
 39852 | Orc:2    | Found Gan Kaips's Antique Armour Emporium.
 39852 | Orc:2    | Found Uduniamm's Antique Weapon Shoppe.
 39867 | Orc:2    | Bought a scroll of blinking for 105 gold pieces
 39867 | Orc:2    | Bought a scroll of blinking for 105 gold pieces
 39881 | Orc:2    | Killed Saint Roka
 40248 | Orc:2    | Killed Jorgrun
 41338 | Vaults:2 | Killed a bone dragon
 41968 | Vaults:2 | Found a staircase to the Crypt.
 42153 | Vaults:3 | Found Sappat's Jewellery Shoppe.
 42261 | Vaults:3 | Noticed Mennas
 42828 | Vaults:3 | Reached skill level 21 in Conjurations
 42987 | Vaults:3 | Identified the ring of Vanity {Fly rF+ Int+3 SInv}
 43412 | Vaults:3 | Reached XP level 21. HP: 102/122 MP: 20/39
 43813 | Vaults:4 | Paralysed by a sphinx for 3 turns
 44071 | Vaults:4 | Upgraded the game from 0.31-a0-840-g6d2ecbb to
                  | 0.31-a0-843-g427724c
 44686 | Vaults:4 | Found Jetaskau's Assorted Antiques.
 44708 | Vaults:4 | Reached skill level 22 in Conjurations
 44889 | Vaults:4 | Identified the +0 war axe of the Inquisitive Beds {protect,
                  | rC+ rCorr Int-4}
 44937 | Vaults:4 | HP: 3/122 [yaktaur captain/bolt (16)]
 44938 | Vaults:4 | Shot with a bolt by a yaktaur captain

Illustrated notes

Levels and vault maps discovered:
D:1:      lordsloth_arrival_two_stooges, layout_basic,
          hellmonk_ecumenical_altar_crossroads
D:2:      layout_basic, minmay_misc_feat_more_columns
D:3:      layout_rooms, uniq_grinder, uniq_natasha, uniq_ijyb, uniq_sigmund
D:4:      layout_loops_ring, grunt_dithmenos_smoke_and_mirrors,
          mainiacjoe_overflow_brackets, minmay_overflow_temple_star_quad,
          uniq_pikel
D:5:      layout_basic, serial_shops, nicolae_shop_dealshenge, sigmund_army
D:6:      layout_rooms, kennysheep_generic_room_3
D:7:      layout_loops_ring, nemelex_spade_bored_becter, xom_butterflies,
          temple_doors_e, minivault_19
D:8:      layout_gridville, enter_bailey_3, nzn_ghost_randoct, uniq_maggie
D:9:      layout_stronghold, erik_lair_island, kennysheep_another_room,
          uniq_grum
D:10:     statuecave_lemuel, layout_rooms, orc_0_dummy,
          ebering_ghost_rock_garden, st_stairs_2, minivault_25,
          lightli_church_of_beogh
D:11:     layout_rooms, serial_bayou, serial_bayou_pond_d, serial_bayou_pond_c,
          serial_bayou_pond_d, serial_bayou_lagoon_b
D:12:     layout_roguey, vehumet_statue, uniq_rupert, uniq_erolcha
D:13:     kennysheep_kobold_grotto, layout_gridville,
          lightli_vaults_fourway_checkpoint
D:14:     layout_basic, cheibrodos_ashenzari_chains, serial_shops,
          nicolae_shop_stone, kennysheep_generic_room_12
D:15:     hangedman_depths_entry_civil_slaughter, layout_irregular_city,
          serial_bayou_pond_a
Temple:   nicolae_temple_superstar
Lair:1:   layout_chaotic_city
Lair:2:   layout_regular_city, grunt_megastairs_1
Lair:3:   layout_regular_city, minmay_swamp_entry_wisps,
          minmay_snake_entry_guardpost_small
Lair:4:   layout_misc_corridors, slime_entry_1, lemuel_old_faithful,
          grunt_megastairs_5
Lair:5:   guppyfry_lair_end_dragon, layout_loops_ring,
          hangedman_lair_tendril_chambers
Swamp:1:  layout_basic_swamp, portal_ice_cave_entry_ugly_swarm,
          evilmike_swamp_ruin_house_3, infiniplex_staircase_pool_2
Swamp:2:  layout_basic_swamp, evilmike_swamp_ruin_rubble_1, uniq_frances
Swamp:3:  layout_basic_swamp, evilmike_swamp_ruin_house_2, swamp_pool3,
          uniq_bai_suzhen
Swamp:4:  grunt_swamp_rune_castle, layout_basic_swamp
Snake:1:  layout_grid_shapes, minmay_shoptagon
Snake:2:  layout_misc_corridors, nrook_loot_triangle, minmay_shop_grove
Snake:3:  layout_concentric_octagons, basic_altar, serial_nicolae_subway,
          nicolae_sub_station_stone, nicolae_sub_station_crystal,
          nicolae_sub_station_metal, uniq_louise
Snake:4:  snake_pit, layout_cave_town, nrook_guardian_serpent_double
Orc:1:    layout_caves, special_room [special_room_bee], trog_butcher_becter
Orc:2:    st_orc_congregation, layout_caves, ebering_ghost_rock_garden,
          uniq_saint_roka, uniq_nessos, uniq_jorgrun
Vaults:1: infiniplex_enter_wizlab_glasses, hangedman_vaults_stitches, v_misc_9,
          nicolae_vaults_ellipses_ellipsis, nicolae_vaults_diamond_1,
          vaults_room_door_hall, v_misc_23, ontoclasm_vaults_chip,
          grunt_vaults_hallway_short, nicolae_vaults_trapezoid_lopsided_1,
          nicolae_vaults_doubleplus_tesselated,
          nicolae_vaults_antechamber_and_loot_room, ontoclasm_vaults_fault,
          layout_vaults_omnicross
Vaults:2: minmay_crypt_entry_nasty_monster, v_misc_4, nicolae_vaults_alarming,
          nicolae_vaults_turnstiles, nicolae_vaults_holding_cells,
          ontoclasm_vaults_decontamination, nicolae_vaults_variable_pillar_hall,
          layout_vaults_quadrants
Vaults:3: vaults_room_large_hall, ontoclasm_vaults_ring_square,
          nicolae_vaults_puzzle_piece, nicolae_vaults_crenellated_ambush,
          v_rooms_1, nicolae_vaults_wine_cellar, grunt_vaults_swirl,
          vaults_dpeg_doors, nicolae_vaults_closet_pinwheel_2,
          nicolae_vaults_tetromino_Z_2, vaults_room_corners,
          ontoclasm_vaults_loading_screen, layout_vaults_ring, serial_shops,
          shop, uniq_mennas
Vaults:4: hellmonk_ghost_happy_afterlife, v_rooms_2,
          nicolae_vaults_more_shelving_1, hangedman_vaults_hat,
          nicolae_vaults_offset_grid_hallway_3, v_misc_18,
          vaults_room_stairs_pillars, nicolae_vaults_little_squares_4,
          ontoclasm_vaults_loading_screen, nicolae_vaults_heart-shaped_vault,
          nicolae_vaults_trapezoid_2, nicolae_vaults_house_1,
          ontoclasm_vaults_idyll, nicolae_vaults_surprise_closet,
          layout_vaults_maze_snakey, serial_shops, shop,
          nicolae_shop_bloodbath_and_beyond

Skill      XL: |  1  2  3  4  5  6  7  8  9 10 11 12 13 14 15 16 17 18 19 20 21 |
---------------+----------------------------------------------------------------+-----
Translocations | 1 2 3 4 5 |  5.0
Conjurations   | 5 6 7 9 10 11 13 15 16 17 19 21 22 | 22.0
Throwing       | 4 |  4.0
Evocations     | 4 10 | 10.0
Spellcasting   | 4 6 8 12 | 12.0
Fighting       | 3 4 5 7 8 10 | 10.0
Dodging        | 5 6 8 10 12 13 | 13.0
Shields        | 3 4 6 9 10 11 12 | 12.0
Air Magic      | 1 5 6 8 10 12 14 16 17 | 17.7
Ice Magic      | 9 13 14 | 14.8
Stealth        | |  2.4

Action                     |  1- 3 |  4- 6 |  7- 9 | 10-12 | 13-15 | 16-18 | 19-21 || total
---------------------------+-------+-------+-------+-------+-------+-------+-------++-------
  Melee: Spear             |     1 |       |       |       |       |       |       ||     1
         Staff             |       |       |     3 |     9 |    29 |     3 |     9 ||    53
         Falchion          |       |       |       |       |       |       |     3 ||     3
   Cast: Magic Dart        |    73 |    56 |   125 |   117 |    92 |     1 |     2 ||   466
         Searing Ray       |     4 |    11 |    48 |    88 |    89 |    15 |       ||   255
         Iskenderun's Myst |       |       |    24 |   135 |   214 |   183 |   100 ||   656
         Fulminant Prism   |       |       |       |    32 |   130 |    18 |       ||   180
         Freezing Cloud    |       |       |       |       |   184 |   286 |    76 ||   546
         Ozocubu's Refrige |       |       |       |       |    13 |    80 |    73 ||   166
         Irradiate         |       |       |       |       |       |     7 |     3 ||    10
         Orb of Destructio |       |       |       |       |       |       |   151 ||   151
  Evoke: Box of beasts     |       |       |       |     1 |     1 |       |       ||     2
         Wand              |       |       |       |       |     2 |       |       ||     2
    Use: Scroll            |       |       |     4 |    11 |    11 |    12 |    11 ||    49
         Potion            |       |       |       |       |     3 |     7 |     5 ||    15
 Armour: Robe              |    11 |    11 |    30 |       |    47 |   185 |    96 ||   380
         Steam dragon scal |       |       |     4 |    88 |   137 |       |       ||   229
  Dodge: Dodged            |     5 |     5 |    27 |    79 |   193 |    91 |    40 ||   440
  Block: Buckler           |       |       |       |    20 |    52 |     3 |       ||    75
         Kite shield       |       |       |       |       |       |    63 |    53 ||   116
         Reflection        |       |       |       |       |       |    29 |    34 ||    63

Table legend: (Time is in decaauts)
 A = Elapsed time spent in this place.
 B = Non-inter-level travel time spent in this place.
 C = Inter-level travel time spent in this place.
 D = Time resting spent in this place.
 E = Time spent auto-exploring this place.
 F = Levels seen in this place.
 G = Mean time per level.
                   A        B        C        D        E       F      G
               +--------+--------+--------+--------+--------+-----+--------+
         Total |  45297 |  41101 |   4196 |  10445 |  21099 |  37 | 1224.2 |
       Dungeon |  14283 |  12840 |   1443 |   1075 |   9433 |  15 |  952.2 |
        Temple |     26 |      1 |     25 |      0 |      0 |   1 |   26.0 |
          Lair |   7384 |   6542 |    842 |   1209 |   3888 |   5 | 1476.8 |
         Swamp |   4902 |   4580 |    322 |   1705 |   1864 |   4 | 1225.5 |
     Snake Pit |   7528 |   7110 |    418 |   2575 |   2634 |   4 | 1882.0 |
  Orcish Mines |   3452 |   3127 |    325 |   1496 |    946 |   2 | 1726.0 |
        Vaults |   7376 |   6557 |    819 |   2264 |   2334 |   4 | 1844.0 |
        Bailey |    338 |    338 |      0 |    121 |      0 |   1 |  338.0 |
        Wizlab |      3 |      3 |      0 |      0 |      0 |   1 |    3.0 |
               +--------+--------+--------+--------+--------+-----+--------+

Top non-repeatable levels by time:
Vaults:1: 2537 daAuts
Vaults:2: 2426 daAuts
 Snake:4: 2425 daAuts
   Orc:1: 2119 daAuts
  Lair:5: 1968 daAuts
  Lair:3: 1943 daAuts
 Snake:2: 1883 daAuts
Vaults:3: 1861 daAuts
 Swamp:3: 1725 daAuts
 Snake:1: 1644 daAuts
 Swamp:1: 1579 daAuts
 Snake:3: 1574 daAuts
     D:5: 1405 daAuts
   Orc:2: 1333 daAuts
    D:10: 1259 daAuts
